Map: World of Sleepers LE

Players

Probe - Winner!

  • Race: Protoss Protoss
  • Spawn Location: 1:00

Bleak

  • Race: Terran Terran
  • Spawn Location: 7:00

Event: NationWars 2019

VOD

Have the link to the VOD?

Description

Time

  • Played on: Sept. 29, 2019, 3:38 a.m.
  • Length: 9:19
Show
View Real Time Build Order
Export as new Build Order

Probe Protoss - Winner!

Build Orders: 1 Gate Expand, Blink Stalkers 

Get SALT Encoding   

  12  0:00  Probe  
  13  0:13  Probe  
  14  0:17  Pylon  
  14  0:25  Probe (Chrono Boost)  
  15  0:37  Probe (Chrono Boost)  
  15  0:40  Gateway  
  16  0:44  Probe (Chrono Boost)  
  16  0:46  Assimilator  
  17  0:51  Probe  
  18  1:03  Probe  
  19  1:15  Probe  
  20  1:23  Nexus  
  20  1:34  Cybernetics Core  
  20  1:35  Probe  
  21  1:41  Assimilator  
  22  1:47  Probe  
  22  1:50  Pylon  
  22  1:59  Probe  
  23  2:07  Adept (Chrono Boost), Probe  
  23  2:10  Warp Gate  
  23  2:15  Probe  
  26  2:22  Twilight Council  
  28  2:30  Probe (Chrono Boost)  
  28  2:33  Stalker  
  30  2:38  Probe (Chrono Boost)  
  31  2:47  Probe (Chrono Boost)  
  31  2:48  Probe (Chrono Boost)  
  32  2:53  Probe x2 (Chrono Boost)  
  34  3:03  Stalker  
  34  3:04  Probe  
  34  3:05  Probe  
  38  3:13  Blink (Chrono Boost)  
  38  3:14  Gateway  
  38  3:16  Gateway  
  38  3:20  Probe  
  38  3:22  Probe  
  40  3:32  Pylon, Probe  
  41  3:34  Probe  
  41  3:38  Robotics Facility  
  42  3:44  Probe  
  42  3:47  Probe  
  44  3:56  Probe  
  44  3:59  Stalker, Probe  
  48  4:03  Assimilator  
  48  4:06  Pylon  
  48  4:08  Probe  
  48  4:09  Pylon  
  49  4:10  Stalker x2  
  49  4:11  Probe  
  54  4:24  Probe x2  
  56  4:26  Observer (Chrono Boost)  
  57  4:38  Stalker x3  
  55  4:44  Probe x2  
  53  4:49  Observer  
  52  4:56  Probe x2  
  52  5:08  Probe x2  
  52  5:12  Stalker x2  
  58  5:20  Probe (Chrono Boost)  
  59  5:22  Probe (Chrono Boost)  
  59  5:32  Probe (Chrono Boost)  
  61  5:37  Probe (Chrono Boost)  
  61  5:38  Probe (Chrono Boost)  
  62  5:44  Probe  
  62  5:46  Probe  
  60  5:52  Nexus  
  60  5:53  Stalker x2  
  60  5:56  Probe  
  65  5:58  Probe  
  66  6:05  Pylon  
  66  6:08  Probe  
  66  6:09  Stalker  
  66  6:11  Probe  
  70  6:13  Pylon  
  70  6:15  Observer  
  70  6:21  Charge  
  70  6:23  Probe  
  70  6:24  Forge  
  71  6:26  Forge  
  71  6:27  Probe  
  70  6:37  Probe  
  70  6:39  Probe  
  72  6:42  Gateway x2  
  72  6:46  Gateway  
  72  6:48  Protoss Ground Armor Level 1 (Chrono Boost)  
  72  6:49  Probe  
  72  6:50  Protoss Ground Weapons Level 1 (Chrono Boost)  
  72  6:51  Sentry x2  
  72  6:52  Observer (Chrono Boost)  
  77  6:57  Probe  
  78  7:02  Probe  
  78  7:03  Pylon  
  78  7:04  Pylon  
  78  7:05  Probe  
  80  7:09  Probe  
  81  7:18  Gateway  
  81  7:20  Gateway  
  81  7:21  Immortal  
  85  7:25  Probe x2  
  85  7:26  Probe  
  88  7:37  Probe  
  88  7:38  Probe x2  
  91  7:46  Zealot x4  
  91  7:47  Zealot x2  
  91  7:49  Probe  
  91  7:50  Probe  
  103  7:53  Probe  
  103  7:56  Pylon  
  103  7:58  Pylon x2, Immortal (Chrono Boost)  
  108  8:08  Sentry, Zealot  
  108  8:09  Zealot x2  
  108  8:12  Pylon  
  116  8:20  Robotics Bay  
  116  8:25  Zealot  
  116  8:26  Zealot x3  
  124  8:29  Pylon  
  124  8:31  Pylon  
  124  8:33  Zealot x3  
  130  8:45  Zealot  
  132  8:50  Zealot  
  132  8:51  Zealot x3  
  140  8:59  Stalker x2  
  140  9:00  Stalker  
Show
View Real Time Build Order
Export as new Build Order

Bleak Terran 

Build Orders: Gas First Reaper Expand, Liberator Opening 

Get SALT Encoding   

  12  0:01  SCV  
  13  0:13  SCV  
  14  0:17  Supply Depot  
  14  0:25  SCV  
  14  0:28  Refinery  
  15  0:39  SCV  
  16  0:45  Barracks  
  16  0:51  SCV  
  17  1:03  SCV  
  18  1:15  SCV  
  19  1:32  Orbital Command, Reaper  
  20  1:50  Command Center  
  20  1:59  SCV  
  21  2:06  Factory  
  21  2:13  Barracks Reactor  
  21  2:14  SCV  
  22  2:19  Supply Depot  
  22  2:24  Refinery  
  22  2:26  SCV  
  23  2:41  SCV  
  24  2:53  SCV, Starport  
  24  2:56  Hellion x2  
  29  3:00  Barracks Tech Lab  
  29  3:05  SCV  
  30  3:11  Orbital Command  
  30  3:15  Liberator  
  30  3:19  Hellion  
  32  3:20  Hellion  
  32  3:23  SCV  
  40  3:42  Supply Depot  
  40  3:45  Hellion x2  
  40  3:47  SCV x2  
  44  3:58  Liberator, Supply Depot  
  44  3:59  SCV x2  
  46  4:11  SCV x2  
  46  4:12  Bunker  
  46  4:14  Marine x2  
  53  4:24  Siege Tank  
  56  4:25  SCV x2  
  56  4:37  SCV x2  
  56  4:45  Marine x2  
  47  4:49  SCV  
  47  4:50  SCV  
  47  4:52  Barracks, Engineering Bay  
  51  4:53  Barracks  
  48  5:01  Siege Tank  
  48  5:03  SCV, Marine x2  
  48  5:04  SCV  
  55  5:08  Refinery  
  55  5:16  SCV x2  
  55  5:21  Marine x2  
  57  5:22  Terran Infantry Weapons Level 1  
  57  5:24  Missile Turret  
  57  5:26  Supply Depot  
  57  5:27  Supply Depot  
  56  5:32  SCV x2  
  53  5:43  Barracks Tech Lab x2  
  53  5:44  SCV x2  
  52  5:50  Marine  
  52  5:51  Siege Tank, Marine  
  52  5:56  SCV x2  
  58  6:06  Medivac  
  58  6:07  Marauder  
  58  6:08  SCV x2, Marauder, Marine x2  
  68  6:15  Supply Depot x2  
  68  6:17  Refinery  
  67  6:20  SCV x2  
  69  6:32  SCV x2  
  68  6:38  Stimpack  
  69  6:44  SCV  
  69  6:45  SCV  
  71  6:48  Marine x2  
  71  6:49  Marine x2  
  75  6:56  SCV, Starport Reactor  
  75  6:57  SCV  
  77  7:01  Barracks  
  77  7:03  Barracks  
  77  7:05  Refinery  
  77  7:06  Marine  
  77  7:08  Combat Shield  
  78  7:09  SCV x2  
  78  7:11  Marine x2  
  78  7:12  Marine  
  83  7:17  Supply Depot  
  83  7:19  Missile Turret  
  83  7:21  SCV x2  
  85  7:23  Siege Tank  
  85  7:24  Marine  
  85  7:29  Marine  
  88  7:33  SCV x2  
  88  7:34  Marauder, Marine  
  88  7:36  Medivac  
  90  7:42  Marine  
  86  7:45  SCV  
  86  7:47  Marine  
  84  7:52  Marauder  
  84  7:54  Barracks Reactor, Barracks Tech Lab  
  84  7:55  Marine  
  87  8:00  Marine  
  87  8:02  Medivac  
  87  8:05  Marine  
  91  8:06  Medivac  
  93  8:13  Marine x2  
  93  8:14  Marauder  
  93  8:15  Concussive Shells  
  93  8:17  Marine  
  93  8:18  Liberator  
  98  8:23  Marine  
  98  8:26  Supply Depot x2  
  99  8:31  Marine x2  
  101  8:34  Marine  
  101  8:35  Marine x2  
  101  8:36  Marine  
  101  8:40  Marine  
  112  8:49  Marine x2  
  112  8:52  Marine  
  112  8:53  Marine x2  
  112  8:54  Marine  
  121  8:58  Marine  
  121  9:01  Supply Depot  
Tags
 
Add a new tag
Caveats
  • Supply blocks, unpowered buildings, or Contaminate may cause inaccurate times.
  • Supply counts are checked every 10 seconds.